| TOP OF THE 1ST |
|
Gwinnett Braves batting - Pitching for Syracuse Chiefs : RHP Travis Hardin
|
|
Pitching: RHP Travis Hardin
|
|
|
Batting: RHB Edgar Castillo
|
0-0: Ball 1-0: Fly out, F7 (Line Drive, 78D, EV 91.2 MPH)
|
|
Batting: RHB Riley Nasiir
|
0-0: Called Strike 0-1: Foul Ball, location: 2F 0-2: Ball 1-2: Ball 2-2: SINGLE (Line Drive, 89M, EV 111.9 MPH)
|
|
Batting: SHB Brian Bagley
|
0-0: Ball 1-0: Ball 2-0: Called Strike 2-1: Ball 3-1: Base on Balls Riley Nasiir to second
|
|
Batting: SHB Bob Morales
|
0-0: Foul Ball, location: 2F 0-1: Ball 1-1: 3-RUN HOME RUN (Flyball, 78XD, EV 96.2 MPH), Distance : 381 ft
|
|
Batting: LHB Chris Locklear
|
0-0: Called Strike 0-1: Swinging Strike 0-2: Strikes out looking
|
|
Batting: RHB Jesse Lester
|
0-0: Ball 1-0: Foul Ball, location: 2F 1-1: Ball 2-1: Foul Ball, location: 2F 2-2: Fly out, F7 (Line Drive, 78M, EV 106.9 MPH)
|
| Top of the 1st over - 3 runs, 2 hits, 0 errors, 0 left on base; Gwinnett 3 - Syracuse 0 |
| BOTTOM OF THE 1ST |
|
Syracuse Chiefs batting - Pitching for Gwinnett Braves : LHP Brian Gregory
|
|
Pitching: LHP Brian Gregory
|
|
|
Batting: RHB Nate Dickinson
|
0-0: Ball 1-0: Ball 2-0: Fly out, F7 (Line Drive, 7, EV 91.2 MPH)
|
|
Batting: RHB Dusty Ballard
|
0-0: Called Strike 0-1: Ball 1-1: Ball 2-1: Fly out, F8 (Flyball, 8RD, EV 95.6 MPH)
|
|
Batting: RHB Jim Miske
|
0-0: Called Strike 0-1: Swinging Strike 0-2: Ball 1-2: Strikes out swinging
|
| Bottom of the 1st over - 0 runs, 0 hits, 0 errors, 0 left on base; Gwinnett 3 - Syracuse 0 |
| TOP OF THE 2ND |
|
Gwinnett Braves batting - Pitching for Syracuse Chiefs : RHP Travis Hardin
|
|
Batting: RHB Dave Nickerson
|
0-0: Called Strike 0-1: Ball 1-1: Ground out 3-1 (Groundball, 34, EV 76.9 MPH)
|
|
Batting: RHB John Peterson
|
0-0: Called Strike 0-1: Ball 1-1: Foul Ball, location: 2F 1-2: Ground out 4-3 (Groundball, 4S, EV 75.6 MPH)
|
|
Batting: RHB Mike Meeker
|
0-0: Called Strike 0-1: Swinging Strike 0-2: Foul Ball, location: 2F 0-2: Ball 1-2: Ball 2-2: Fly out, F8 (Flyball, 8LM, EV 90.0 MPH)
|
| Top of the 2nd over - 0 runs, 0 hits, 0 errors, 0 left on base; Gwinnett 3 - Syracuse 0 |
| BOTTOM OF THE 2ND |
|
Syracuse Chiefs batting - Pitching for Gwinnett Braves : LHP Brian Gregory
|
|
Batting: RHB Gabe Almazan
|
0-0: Called Strike 0-1: Ball 1-1: Ground out 1-3 (Groundball, 15S, EV 73.1 MPH)
|
|
Batting: LHB Alexis Cantu
|
0-0: Called Strike 0-1: Called Strike 0-2: Ball 1-2: Ball 2-2: Foul Ball, location: 2F 2-2: SINGLE (Line Drive, 56D, EV 98.1 MPH)
|
|
Batting: RHB Rafael Medina
|
0-0: Called Strike 0-1: Swinging Strike 0-2: Foul Ball, location: 2F 0-2: Fly out, F6 (Popup, 15, EV 86.9 MPH)
|
|
Batting: LHB Dillon Gonzalez
|
0-0: Ball 1-0: Called Strike 1-1: Ball 2-1: Ball 3-1: Base on Balls Alexis Cantu to second
|
|
Batting: RHB Mike Buchanan
|
0-0: Ball 1-0: Ball 2-0: Fly out, F8 (Flyball, 8RD, EV 90.0 MPH)
|
| Bottom of the 2nd over - 0 runs, 1 hit, 0 errors, 2 left on base; Gwinnett 3 - Syracuse 0 |
| TOP OF THE 3RD |
|
Gwinnett Braves batting - Pitching for Syracuse Chiefs : RHP Travis Hardin
|
|
Batting: RHB Edgar Castillo
|
0-0: Called Strike 0-1: Ball 1-1: SINGLE (Groundball, 6MD, EV 103.1 MPH)
|
|
Batting: RHB Riley Nasiir
|
0-0: Ball 1-0: Called Strike 1-1: Ball Edgar Castillo steals 2nd base 2-1: Called Strike 2-2: SINGLE (Groundball, 56D, EV 103.8 MPH) Edgar Castillo to third Runner from 3rd tries for Home, SAFE, throw by LF to home
|
|
Batting: SHB Brian Bagley
|
0-0: Called Strike 0-1: Swinging Strike 0-2: Strikes out swinging
|
|
Batting: SHB Bob Morales
|
0-0: SINGLE (Groundball, 4M, EV 95.6 MPH) (infield hit) Riley Nasiir to second
|
|
Batting: LHB Chris Locklear
|
0-0: Ball 1-0: Ball 2-0: Called Strike 2-1: Ball 3-1: SINGLE (Groundball, 4, EV 96.2 MPH) Riley Nasiir to third Bob Morales to second
|
|
Batting: RHB Jesse Lester
|
0-0: Ball 1-0: Ball 2-0: Called Strike 2-1: Foul Ball, location: 2F 2-2: Fielders Choice at 2nd, 3-6 (Groundball, 3, EV 86.9 MPH) Riley Nasiir scores Bob Morales to third
|
|
Batting: RHB Dave Nickerson
|
0-0: Swinging Strike 0-1: Foul Ball, location: 2F 0-2: Ball 1-2: Strikes out swinging
|
| Top of the 3rd over - 2 runs, 4 hits, 0 errors, 2 left on base; Gwinnett 5 - Syracuse 0 |
| BOTTOM OF THE 3RD |
|
Syracuse Chiefs batting - Pitching for Gwinnett Braves : LHP Brian Gregory
|
|
Batting: LHB Tom Reynolds
|
0-0: Called Strike 0-1: Ball 1-1: Swinging Strike 1-2: Foul Ball, location: 2F 1-2: Strikes out swinging
|
|
Batting: RHB Nate Dickinson
|
0-0: Ball 1-0: Fly out, F8 (Line Drive, 8LM, EV 94.4 MPH)
|
|
Batting: RHB Dusty Ballard
|
0-0: Ball 1-0: Ball 2-0: Fly out, F7 (Flyball, 78M, EV 96.9 MPH)
|
| Bottom of the 3rd over - 0 runs, 0 hits, 0 errors, 0 left on base; Gwinnett 5 - Syracuse 0 |
| TOP OF THE 4TH |
|
Gwinnett Braves batting - Pitching for Syracuse Chiefs : RHP Travis Hardin
|
|
Batting: RHB John Peterson
|
0-0: Swinging Strike 0-1: Ball 1-1: SINGLE (Groundball, 5D, EV 95.6 MPH)
|
|
Batting: RHB Mike Meeker
|
0-0: Ball 1-0: Called Strike John Peterson steals 2nd base 1-1: Ground out 5-3 (Groundball, 56S, EV 70.6 MPH) John Peterson to third
|
|
Batting: RHB Edgar Castillo
|
0-0: Called Strike 0-1: Swinging Strike 0-2: Ball 1-2: Ball 2-2: SINGLE (Groundball, 6MD, EV 106.2 MPH) John Peterson scores
|
|
Pitching: RHP Dan Johnson
|
|
|
Batting: RHB Riley Nasiir
|
0-0: Ball 1-0: Called Strike 1-1: Ball 2-1: Foul Ball, location: 2F 2-2: Ball 3-2: Strikes out swinging Edgar Castillo is caught stealing 2nd base 2-4 Batter strikes out.
|
| Top of the 4th over - 1 run, 2 hits, 0 errors, 0 left on base; Gwinnett 6 - Syracuse 0 |
| BOTTOM OF THE 4TH |
|
Syracuse Chiefs batting - Pitching for Gwinnett Braves : LHP Brian Gregory
|
|
Batting: RHB Jim Miske
|
0-0: SINGLE (Line Drive, 7S, EV 108.1 MPH)
|
|
Batting: RHB Gabe Almazan
|
0-0: Called Strike 0-1: Called Strike 0-2: SINGLE (Groundball, 56D, EV 93.8 MPH) Jim Miske to second Runner from 2nd tries for 3rd, SAFE, throw by LF made to third
|
|
Batting: LHB Alexis Cantu
|
0-0: Foul Ball, location: 2F 0-1: Grounds into double play, 4-6-3 (Groundball, 4, EV 111.2 MPH) Jim Miske scores
|
|
Batting: RHB Rafael Medina
|
0-0: Called Strike 0-1: Ball 1-1: Swinging Strike 1-2: Strikes out swinging
|
| Bottom of the 4th over - 1 run, 2 hits, 0 errors, 0 left on base; Gwinnett 6 - Syracuse 1 |
| TOP OF THE 5TH |
|
Gwinnett Braves batting - Pitching for Syracuse Chiefs : RHP Dan Johnson
|
|
Batting: SHB Brian Bagley
|
0-0: Ball 1-0: Foul Ball, location: 2F 1-1: Swinging Strike 1-2: Ball 2-2: Ball 3-2: SOLO HOME RUN (Flyball, 8LXD, EV 103.1 MPH), Distance : 428 ft
|
|
Batting: SHB Bob Morales
|
0-0: Ball 1-0: Foul Ball, location: 2F 1-1: Ball 2-1: SOLO HOME RUN (Flyball, 89XD, EV 103.1 MPH), Distance : 393 ft
|
|
Batting: LHB Chris Locklear
|
0-0: Foul Ball, location: 2F 0-1: Called Strike 0-2: Ball 1-2: Foul Ball, location: 2F 1-2: Fly out, F7 (Flyball, 78XD, EV 106.2 MPH)
|
|
Batting: RHB Jesse Lester
|
0-0: Ball 1-0: Called Strike 1-1: Swinging Strike 1-2: Strikes out looking
|
|
Batting: RHB Dave Nickerson
|
0-0: Foul Ball, location: 2F 0-1: Called Strike 0-2: Foul Ball, location: 2F 0-2: Fly out, F9 (Flyball, 89D, EV 86.2 MPH)
|
| Top of the 5th over - 2 runs, 2 hits, 0 errors, 0 left on base; Gwinnett 8 - Syracuse 1 |
| BOTTOM OF THE 5TH |
|
Syracuse Chiefs batting - Pitching for Gwinnett Braves : LHP Brian Gregory
|
|
Batting: LHB Dillon Gonzalez
|
0-0: Ball 1-0: Swinging Strike 1-1: Foul Ball, location: 2F 1-2: Ball 2-2: Ball 3-2: Foul Ball, location: 2F 3-2: Base on Balls
|
|
Batting: RHB Mike Buchanan
|
0-0: Ball 1-0: Swinging Strike 1-1: Foul Ball, location: 2F 1-2: DOUBLE (Line Drive, 78XD, EV 102.5 MPH) Dillon Gonzalez to third
|
|
Batting: LHB Tom Reynolds
|
0-0: Ball 1-0: Called Strike 1-1: Ball 2-1: Ball 3-1: Base on Balls
|
|
Batting: RHB Nate Dickinson
|
0-0: Swinging Strike 0-1: Fly out, F9 (Line Drive, 9S, EV 94.4 MPH)
|
|
Batting: RHB Dusty Ballard
|
0-0: Ball 1-0: Ball 2-0: Foul Ball, location: 2F 2-1: Ball 3-1: Base on Balls Dillon Gonzalez scores Mike Buchanan to third Tom Reynolds to second
|
|
Batting: RHB Jim Miske
|
0-0: DOUBLE (Flyball, 8LXD, EV 106.2 MPH) Mike Buchanan scores Tom Reynolds scores Dusty Ballard to third Runner from 3rd tries for Home, SAFE, no throw by CF
|
|
Pitching: RHP Ryan Casey
|
|
|
Batting: RHB Gabe Almazan
|
0-0: Ball 1-0: Swinging Strike 1-1: Ground out 5-3 (Groundball, 56, EV 105.6 MPH)
|
|
Batting: LHB Alexis Cantu
|
0-0: Foul Ball, location: 2F 0-1: Ball 1-1: Ball 2-1: Ball 3-1: Base on Balls
|
|
Batting: RHB Rafael Medina
|
0-0: Swinging Strike 0-1: Foul Ball, location: 2F 0-2: Ball 1-2: Ball 2-2: Foul Ball, location: 2F 2-2: Strikes out looking
|
| Bottom of the 5th over - 4 runs, 2 hits, 0 errors, 2 left on base; Gwinnett 8 - Syracuse 5 |
| TOP OF THE 6TH |
|
Gwinnett Braves batting - Pitching for Syracuse Chiefs : RHP Dan Johnson
|
|
Pitching: RHP Chris Wood
|
|
|
Batting: RHB John Peterson
|
0-0: Ball 1-0: Fly out, F8 (Flyball, 89D, EV 91.2 MPH)
|
|
Batting: RHB Mike Meeker
|
0-0: Ball 1-0: Ball 2-0: Called Strike 2-1: Ball 3-1: Foul Ball, location: 2F 3-2: Fly out, F8 (Flyball, 8LM, EV 95.6 MPH)
|
|
Batting: RHB Edgar Castillo
|
0-0: Ball 1-0: DOUBLE (Line Drive, 78XD, EV 105.0 MPH)
|
|
Batting: RHB Riley Nasiir
|
0-0: Called Strike 0-1: Foul Ball, location: 2F 0-2: Strikes out looking
|
| Top of the 6th over - 0 runs, 1 hit, 0 errors, 1 left on base; Gwinnett 8 - Syracuse 5 |
| BOTTOM OF THE 6TH |
|
Syracuse Chiefs batting - Pitching for Gwinnett Braves : RHP Ryan Casey
|
|
Batting: LHB Dillon Gonzalez
|
0-0: Foul Ball, location: 2F 0-1: Swinging Strike 0-2: Foul Ball, location: 2F 0-2: Ball 1-2: Ball 2-2: Fly out, F1 (Line Drive, P, EV 71.9 MPH)
|
|
Batting: RHB Mike Buchanan
|
0-0: Swinging Strike 0-1: Ball 1-1: Ground out 5-3 (Groundball, 56S, EV 85.0 MPH)
|
|
Batting: LHB Tom Reynolds
|
0-0: Swinging Strike 0-1: Swinging Strike 0-2: Ball 1-2: Strikes out swinging
|
| Bottom of the 6th over - 0 runs, 0 hits, 0 errors, 0 left on base; Gwinnett 8 - Syracuse 5 |
| TOP OF THE 7TH |
|
Gwinnett Braves batting - Pitching for Syracuse Chiefs : RHP Chris Wood
|
|
Pitching: LHP Mike Alcaraz
|
|
|
Batting: SHB Brian Bagley
|
0-0: Called Strike 0-1: Ground out 6-3 (Groundball, 6, EV 110.0 MPH)
|
|
Batting: SHB Bob Morales
|
0-0: Called Strike 0-1: Ball 1-1: Ball 2-1: Swinging Strike 2-2: Strikes out swinging
|
|
Batting: LHB Chris Locklear
|
0-0: Swinging Strike 0-1: Fly out, F7 (Flyball, 78D, EV 92.5 MPH)
|
| Top of the 7th over - 0 runs, 0 hits, 0 errors, 0 left on base; Gwinnett 8 - Syracuse 5 |
| BOTTOM OF THE 7TH |
|
Syracuse Chiefs batting - Pitching for Gwinnett Braves : RHP Ryan Casey
|
|
Pitching: RHP Nathan Tamburrino
|
|
|
Batting: RHB Nate Dickinson
|
0-0: Called Strike 0-1: Ball 1-1: Called Strike 1-2: Ball 2-2: Ball 3-2: Base on Balls
|
|
Batting: RHB Dusty Ballard
|
0-0: Bunt missed! 0-1: Sac Bunt to 15 - play at first, batter OUT! 1-3 Nate Dickinson to second
|
|
Batting: RHB Jim Miske
|
0-0: Foul Ball, location: 2F 0-1: Foul Ball, location: 2F 0-2: Strikes out swinging
|
|
Batting: RHB Gabe Almazan
|
0-0: Called Strike 0-1: Swinging Strike 0-2: 2-RUN HOME RUN (Flyball, 7LD, EV 91.2 MPH), Distance : 337 ft
|
|
Batting: LHB Alexis Cantu
|
0-0: Swinging Strike 0-1: Ball 1-1: Swinging Strike 1-2: Foul Ball, location: 2F 1-2: Foul Ball, location: 2F 1-2: Ball 2-2: Ball 3-2: Foul Ball, location: 2F 3-2: Base on Balls
|
|
Batting: RHB Rafael Medina
|
0-0: Ball 1-0: Swinging Strike 1-1: Called Strike 1-2: Foul Ball, location: 2F 1-2: Strikes out swinging
|
| Bottom of the 7th over - 2 runs, 1 hit, 0 errors, 1 left on base; Gwinnett 8 - Syracuse 7 |
| TOP OF THE 8TH |
|
Gwinnett Braves batting - Pitching for Syracuse Chiefs : LHP Mike Alcaraz
|
|
Batting: RHB Jesse Lester
|
0-0: Ball 1-0: Ball 2-0: Ball 3-0: Called Strike 3-1: Base on Balls
|
|
Batting: RHB Dave Nickerson
|
0-0: Ball Jesse Lester is caught stealing 2nd base 2-4 1-0: Fly out, F8 (Line Drive, 8RM, EV 88.8 MPH)
|
|
Batting: RHB John Peterson
|
0-0: Ball 1-0: Foul Ball, location: 2F 1-1: Called Strike 1-2: Strikes out swinging
|
| Top of the 8th over - 0 runs, 0 hits, 0 errors, 0 left on base; Gwinnett 8 - Syracuse 7 |
| BOTTOM OF THE 8TH |
|
Syracuse Chiefs batting - Pitching for Gwinnett Braves : RHP Nathan Tamburrino
|
|
Pitching: RHP Larry Stegall
|
|
|
Now at 3B: Mike Manchester
|
|
|
Now in RF: Fred Arends
|
|
|
Batting: LHB Dillon Gonzalez
|
0-0: Swinging Strike 0-1: Ball 1-1: Swinging Strike 1-2: Ground out 6-3 (Groundball, 6, EV 85.0 MPH)
|
|
Batting: LHB Doug Anderson
|
0-0: Ground out 4-3 (Groundball, 4, EV 82.5 MPH)
|
|
Batting: LHB Tom Reynolds
|
0-0: Ball 1-0: SINGLE (Groundball, 6D, EV 100.6 MPH)
|
|
Batting: RHB Nate Dickinson
|
0-0: Called Strike 0-1: Called Strike 0-2: Ground out 5-3 (Groundball, 5S, EV 87.5 MPH)
|
| Bottom of the 8th over - 0 runs, 1 hit, 0 errors, 1 left on base; Gwinnett 8 - Syracuse 7 |
| TOP OF THE 9TH |
|
Gwinnett Braves batting - Pitching for Syracuse Chiefs : LHP Mike Alcaraz
|
|
Pitching: RHP Ruben Nevarel
|
|
|
Pinch Hitting: LHB Mark Buchholz
|
0-0: Swinging Strike 0-1: Ball 1-1: Foul Ball, location: 2F 1-2: Strikes out swinging
|
|
Batting: RHB Edgar Castillo
|
0-0: Foul Ball, location: 2F 0-1: Called Strike 0-2: Ball 1-2: Foul Ball, location: 2F 1-2: Ball 2-2: Ball 3-2: Foul Ball, location: 2F 3-2: Foul Ball, location: 2F 3-2: Strikes out swinging
|
|
Batting: RHB Riley Nasiir
|
0-0: Called Strike 0-1: Ball 1-1: Ball 2-1: Ball 3-1: Foul Ball, location: 2F 3-2: Foul Ball, location: 2F 3-2: Foul Ball, location: 2F 3-2: Ground out U3 (Groundball, 3S, EV 76.2 MPH)
|
| Top of the 9th over - 0 runs, 0 hits, 0 errors, 0 left on base; Gwinnett 8 - Syracuse 7 |
| BOTTOM OF THE 9TH |
|
Syracuse Chiefs batting - Pitching for Gwinnett Braves : RHP Larry Stegall
|
|
Pitching: RHP Chong-hun Park
|
|
|
Now at 2B: Mark Buchholz
|
|
|
Batting: RHB Dusty Ballard
|
0-0: Ball 1-0: Ball 2-0: Fly out, F8 (Flyball, 8RM, EV 91.9 MPH)
|
|
Batting: RHB Jim Miske
|
0-0: Ball 1-0: Foul Ball, location: 2F 1-1: Ground out 5-3 (Groundball, 5S, EV 76.9 MPH)
|
|
Pinch Hitting: LHB Kyung-jin Cho
|
0-0: Ball 1-0: Called Strike 1-1: Ball 2-1: Foul Ball, location: 2F 2-2: Ground out 4-3 (Groundball, 4S, EV 85.0 MPH)
|
| Bottom of the 9th over - 0 runs, 0 hits, 0 errors, 0 left on base; Gwinnett 8 - Syracuse 7 |
|